 Dungeon Crawl Stone Soup version 0.31-a0-435-g2c6fae2916 (webtiles) character file.

Game seed: 5621096028751226201

5196 Shayle the Grappler (level 10, -2/76 HPs)
             Began as a Gnoll Shapeshifter on Aug 1, 2023.
             Was an Initiate of Ashenzari.
             Slain by a death yak simulacrum (16 damage)
             ... in an ice cave.
             The game lasted 00:20:34 (6083 turns).

Shayle the Grappler (Gnoll Shapeshifter)            Turns: 6083, Time: 00:20:35

Health: -2/76      AC: 11    Str: 14    XL:     10   Next: 60%
Magic:  18/18      EV: 13    Int: 16    God:    Ashenzari [......]
Gold:   307        SH:  0    Dex: 13    Spells: 20/20 levels left

rFire   . . .        x - +5 hand axe of Resourcefulness {drain, Stlth+}
rCold   + . .        B - orb {*Rage}
rNeg    + . .        L - +5 ring mail "Oxtacsyn" {rN+ Int+4 Slay+3}
rPois   .            (helmet currently unavailable)
rElec   .            (cloak currently unavailable)
rCorr   .            (gloves currently unavailable)
SInv    .            (boots currently unavailable)
Will    .....        (no amulet)
Stlth   +++          k - ring of Ashenzari's Stars {rF+, Alch, Elem} (curse)
HPRegen 0.32/turn    K - ring of ice
MPRegen 0.16/turn

%: random rage (20%)
@: beast-form, slowed, very slow
A: beast (slay +5), fangs 1, strong nose, distributed training
a: Begin Untransformation, Renounce Religion, Shatter the Chains


You were in an ice cave.
You worshipped Ashenzari.
Ashenzari was noncommittal.
You were a hulking beast.
You visited 3 branches of the dungeon, and saw 11 of its levels.
You also visited: Bailey and Ice Cave.

You collected 377 gold pieces.
You spent 70 gold pieces at shops.

Inventory:

Hand Weapons
 x - the +5 hand axe of Resourcefulness (weapon) {drain, Stlth+}
   (You found it on level 4 of the Dungeon)

   Stlth:     It makes you more stealthy.
 O - a +1 vampiric halberd
Missiles
 l - 5 datura-tipped darts
 t - 6 atropa-tipped darts
 I - a curare-tipped dart
 J - 2 throwing nets
Armour
 v - a +0 pair of gloves
 w - a +0 pair of boots
 y - a +2 leather armour of poison resistance
 z - a +2 helmet
 B - an orb of wrath (worn)
 L - the +5 ring mail "Oxtacsyn" (worn) {rN+ Int+4 Slay+3}
   (You found it on level 8 of the Dungeon)

   Int:       It affects your intelligence (+4).
   Slay:      It affects your accuracy & damage with ranged weapons and melee
   (+3).
   rN:        It protects you from negative energy.
 P - a +1 troll leather armour
 R - a +2 robe of willpower
Jewellery
 k - the cursed ring of Ashenzari's Stars (left hand) {rF+, Alch, Elem}
   (You found it on level 1 of the Dungeon)

   [ring of protection from fire]

   rF:        It protects you from fire.
   It has a curse which improves the following skills: Alchemy: Poison Magic and
   Transmutations.
   Elements:  Fire Magic, Ice Magic, Air Magic and Earth Magic.
 m - a +4 ring of protection
 F - a ring of willpower
 G - a +6 ring of intelligence
 K - a ring of ice (right hand)
Talismans
 c - a beast talisman (active)
 q - a granite talisman
Wands
 A - a wand of charming (5)
 H - a wand of light (5)
Scrolls
 d - 4 scrolls of immolation
 e - 5 scrolls of teleportation
 f - 4 scrolls of identify
 j - 2 scrolls of vulnerability {unknown}
 n - 3 scrolls of enchant armour {unknown}
 p - 2 scrolls of fear {unknown}
 s - a scroll of fog
 u - 2 scrolls of revelation
 D - a scroll of brand weapon {unknown}
 E - 2 scrolls of enchant weapon {unknown}
Potions
 a - 2 potions of enlightenment
 b - 2 potions of lignification
 g - 2 potions of attraction {unknown}
 h - 2 potions of curing {unknown}
 i - a potion of heal wounds
 o - 4 potions of might
 r - 3 potions of resistance {unknown}
 C - 2 potions of brilliance {unknown}
 M - a potion of cancellation {unknown}
 Q - 2 potions of invisibility {unknown}
Miscellaneous
 N - a phantom mirror (inert)


   Skills:
 + Level 6.2 Fighting
 + Level 5.5 Short Blades
 + Level 5.5 Long Blades
 + Level 5.5 Axes
 + Level 5.5 Maces & Flails
 + Level 5.5 Polearms
 + Level 5.5 Staves
 + Level 5.5 Ranged Weapons
 + Level 5.5 Throwing
 + Level 5.5 Armour
 + Level 7.3 Dodging
 + Level 5.5 Stealth
 + Level 5.5 Shields
 + Level 8.7 Unarmed Combat
 + Level 5.5 Spellcasting
 + Level 4.5 Conjurations
 + Level 4.5 Hexes
 + Level 4.5 Summonings
 + Level 4.5 Necromancy
 + Level 4.5 Translocations
 + Level 4.5(5.0) Transmutations
 + Level 4.5(5.0) Fire Magic
 + Level 4.5(5.0) Ice Magic
 + Level 4.5(5.0) Air Magic
 + Level 4.5(5.0) Earth Magic
 + Level 4.5(5.0) Poison Magic
 + Level 6.1 Invocations
 + Level 5.5 Evocations
 + Level 8.1 Shapeshifting


You had 20 spell levels left.
You didn't know any spells.
Your spell library contained the following spells:

 Spells                   Type           Power      Damage    Failure   Level
 Blink                    Tloc           38%        N/A       6%          2
 Lesser Beckoning         Tloc           38%        N/A       6%          2
 Momentum Strike          Conj/Tloc      38%        3d9       6%          2
 Static Discharge         Conj/Air       38%        2-4/arc   6%          2
 Volatile Blastmotes      Fire/Tloc      38%        2d13      12%         3
 Dazzling Flash           Conj/Hex       38%        N/A       13%         3
 Portal Projectile        Hex/Tloc       38%        N/A       13%         3
 Tukima's Dance           Hex            19%        N/A       13%         3
 Airstrike                Air            10%        2d(2-18)  34%         4
 Summon Lightning Spire   Summ/Air       19%        N/A       36%         4
 Fulminant Prism          Conj/Hex       9%         3d7       38%         4
 Iskenderun's Mystic Bla  Conj/Tloc      19%        2d6       38%         4
 Manifold Assault         Tloc           19%        N/A       38%         4
 Starburst                Conj/Fire      9%         6d5       99%         6
 Dispersal                Tloc           9%         N/A       100%        6
 Disjunction              Tloc           9%         N/A       100%        8
 Maxwell's Capacitive Co  Air            10%        ∞         100%        8


Dungeon Overview and Level Annotations

Branches:
Dungeon (9/15)             Temple (1/1) D:7            Lair (1/5) D:9
 Bailey (visited)           IceCv (1/1)
    Orc: D:9-12

Altars:
Ashenzari
Cheibriados
Dithmenos
Elyvilon
Fedhas
Gozag
Hepliaklqana
Kikubaaqudgha
Makhleb
Nemelex Xobeh
Okawaru
Qazlal
Ru
Trog
Uskayaw
Vehumet
Wu Jian
Xom
Yredelemnul
Zin
The Shining One

Shops:
D:3 ?   D:7 =

Annotations:
D:7 1 runed translucent door, Crazy Yiuf


Innate Abilities, Weirdness & Mutations

You are a hulking beast.
Your limbs bulge with bestial killing power. (Slay +5)
You have very sharp teeth.
Your uncanny sense of smell can sniff out nearby items.
Your experience applies equally to all skills.


Message History

* * * LOW HITPOINT WARNING * * *
The polar bear simulacrum freezes you! You resist.
* * * LOW HITPOINT WARNING * * *
The polar bear simulacrum claws you.
* * * LOW HITPOINT WARNING * * *
The polar bear simulacrum freezes you. You resist.
* * * LOW HITPOINT WARNING * * *
The polar bear simulacrum claws you but does no damage.
The freezing wraith misses you. The freezing wraith closely misses you.
You feel much better.
The death yak simulacrum closely misses you.
The polar bear simulacrum completely misses you.
The polar bear simulacrum claws you but does no damage. x2
Your death yak simulacrum gores the elephant simulacrum.
Your death yak simulacrum freezes the elephant simulacrum.
The elephant simulacrum completely resists.
The freezing wraith closely misses you. x2
You feel much better.
The freezing wraith is no longer blind.
The freezing wraith misses you. The freezing wraith hits you.
Your death yak simulacrum gores the elephant simulacrum!
Your death yak simulacrum freezes the elephant simulacrum.
The elephant simulacrum completely resists.
The death yak simulacrum gores you! The death yak simulacrum freezes you!
You resist.
* * * LOW HITPOINT WARNING * * *
The polar bear simulacrum bites you.
* * * LOW HITPOINT WARNING * * *
The polar bear simulacrum freezes you. You resist.
* * * LOW HITPOINT WARNING * * *
The polar bear simulacrum claws you but does no damage. x2
The elephant simulacrum tramples your death yak simulacrum.
Your death yak simulacrum stumbles backwards!
The freezing wraith barely misses you. x2
Unknown command.
You feel much better.
The death yak simulacrum is no longer blind.
The death yak simulacrum gores you!
* * * LOW HITPOINT WARNING * * *
The death yak simulacrum freezes you! You resist.
You die...

#######
##..∩..##
#...∩.Zh#
#......ZW.#
#.....ZZ....#
#...........#
#...........#
#.............#
#....8...8....#
#......(......#


You could see a freezing wraith, a death yak simulacrum, an elephant simulacrum
(wandering, blind, ally target), a polar bear simulacrum and a friendly death
yak simulacrum (summoned, drained).

Vanquished Creatures
  An ugly thing (D:9)
  A gargoyle (Bailey)
  A vampire (Bailey)
  2 wyverns (D:9)
  A yak (D:9)
  A water moccasin (D:8)
  A black bear (D:9)
  2 ice beasts (D:5)
  An orc warrior (D:9)
  2 centaurs
  3 kobold brigands
  A phantom (D:6)
  8 bullfrogs
  A gnoll sergeant (D:7)
  6 scorpions
  4 wights (D:8)
  3 killer bees (D:9)
  8 vampire bats (Bailey)
  A howler monkey (D:5)
  8 wolf zombies (Bailey)
  6 orc priests
  A sleepcap (D:6)
  5 hounds
  A jelly (D:5)
  3 iguanas
  A gnoll bouda (D:5)
  4 orc wizards
  A wolf simulacrum (IceCv)
  7 adders
  8 gnolls
  A shadow imp (D:8)
  12 white imps (Lair:1)
  An ufetubus (D:4)
  3 worms
  3 dart slugs
  10 orcs
  8 bats
  6 endoplasms
  A giant cockroach (D:3)
  3 goblins
  8 hobgoblins
  26 kobolds
  2 quokkas
  5 ball pythons
  4 frilled lizards
  19 orc zombies (Bailey)
  7 rats
212 creatures vanquished.

Vanquished Creatures (collateral kills)
  A death yak simulacrum (IceCv)
1 creature vanquished.

Grand Total: 213 creatures vanquished

Notes
Turn   | Place    | Note
-------+----------+-------------------------------------------
     0 | D:1      | Shayle the Gnoll Shapeshifter began the quest for the Orb.
     0 | D:1      | Reached XP level 1. HP: 17/17 MP: 1/1
    25 | D:1      | You fall into a shaft and drop 1 floor!
    75 | D:2      | Reached XP level 2. HP: 23/23 MP: 2/2
   295 | D:1      | Reached XP level 3. HP: 27/28 MP: 3/3
   527 | D:1      | Found a faded altar of an unknown god.
   676 | D:2      | Reached skill level 1 in Invocations
   828 | D:2      | Reached skill level 1 in Short Blades
   828 | D:2      | Reached skill level 1 in Long Blades
   828 | D:2      | Reached skill level 1 in Axes
   828 | D:2      | Reached skill level 1 in Maces & Flails
   828 | D:2      | Reached skill level 1 in Polearms
   828 | D:2      | Reached skill level 1 in Staves
   828 | D:2      | Reached skill level 1 in Ranged Weapons
   828 | D:2      | Reached skill level 1 in Throwing
   828 | D:2      | Reached skill level 1 in Armour
   828 | D:2      | Reached skill level 1 in Stealth
   828 | D:2      | Reached skill level 1 in Shields
   828 | D:2      | Reached skill level 1 in Spellcasting
   828 | D:2      | Reached skill level 1 in Evocations
   838 | D:2      | Reached XP level 4. HP: 34/34 MP: 5/5
  1343 | D:3      | Reached skill level 1 in Conjurations
  1343 | D:3      | Reached skill level 1 in Hexes
  1343 | D:3      | Reached skill level 1 in Summonings
  1343 | D:3      | Reached skill level 1 in Necromancy
  1343 | D:3      | Reached skill level 1 in Translocations
  1343 | D:3      | Reached skill level 1 in Transmutations
  1343 | D:3      | Reached skill level 1 in Fire Magic
  1343 | D:3      | Reached skill level 1 in Ice Magic
  1343 | D:3      | Reached skill level 1 in Air Magic
  1343 | D:3      | Reached skill level 1 in Earth Magic
  1343 | D:3      | Reached skill level 1 in Poison Magic
  1663 | D:3      | Reached XP level 5. HP: 40/40 MP: 5/7
  1746 | D:3      | Found The Oracle's Delphic Readings.
  1759 | D:3      | Bought a scroll of identify for 28 gold pieces
  1759 | D:3      | Bought a scroll of teleportation for 42 gold pieces
  2369 | D:4      | Identified the +5 hand axe of Resourcefulness {drain,
                  | Stlth+}
  2795 | D:5      | Entered Level 5 of the Dungeon
  2894 | D:5      | Reached XP level 6. HP: 44/47 MP: 8/8
  3019 | D:5      | Reached skill level 5 in Dodging
  3304 | D:5      | Reached XP level 7. HP: 52/52 MP: 10/10
  3685 | D:6      | Reached XP level 8. HP: 60/60 MP: 12/12
  4121 | D:7      | Found a staircase to the Ecumenical Temple.
  4132 | Temple   | Entered the Ecumenical Temple
  4228 | D:7      | Found Leodunt's Jewellery Boutique.
  4533 | D:7      | Found a runed translucent door.
  4534 | D:7      | Noticed Crazy Yiuf
  4650 | D:8      | Identified the +5 ring mail "Oxtacsyn" {rN+ Int+4 Slay+3}
  4713 | D:8      | Reached XP level 9. HP: 66/66 MP: 14/14
  4734 | D:8      | Found a glowing silver altar of Zin.
  5010 | D:8      | Reached skill level 5 in Fighting
  5071 | D:8      | Found a broken altar of Ashenzari.
  5075 | D:8      | Saw a vision of the Swamp and the Snake Pit.
  5075 | D:8      | Noticed a spriggan rider
  5075 | D:8      | Noticed a bog body
  5075 | D:8      | Noticed a goliath frog
  5075 | D:8      | Noticed a naga warrior
  5075 | D:8      | Noticed a black mamba
  5075 | D:8      | Noticed a naga mage
  5075 | D:8      | Noticed a black mamba
  5076 | D:8      | Noticed a black mamba
  5077 | D:8      | Noticed a bloated husk
  5078 | D:8      | Noticed a shock serpent
  5079 | D:8      | Became a worshipper of Ashenzari the Shackled
  5080 | D:8      | Noticed an eight-headed hydra
  5266 | D:9      | Noticed a green ugly thing
  5277 | D:9      | Killed a green ugly thing
  5278 | D:9      | Reached skill level 5 in Invocations
  5286 | D:9      | Found a staircase to the Lair.
  5344 | D:9      | Reached XP level 10. HP: 63/75 MP: 17/17
  5493 | D:9      | Found a flagged portal.
  5499 | Bailey   | Entered a bailey
  5532 | Bailey   | Reached skill level 5 in Short Blades
  5532 | Bailey   | Reached skill level 5 in Long Blades
  5532 | Bailey   | Reached skill level 5 in Axes
  5532 | Bailey   | Reached skill level 5 in Maces & Flails
  5532 | Bailey   | Reached skill level 5 in Polearms
  5532 | Bailey   | Reached skill level 5 in Staves
  5532 | Bailey   | Reached skill level 5 in Ranged Weapons
  5532 | Bailey   | Reached skill level 5 in Throwing
  5532 | Bailey   | Reached skill level 5 in Armour
  5532 | Bailey   | Reached skill level 5 in Stealth
  5532 | Bailey   | Reached skill level 5 in Shields
  5532 | Bailey   | Reached skill level 5 in Spellcasting
  5532 | Bailey   | Reached skill level 5 in Evocations
  5824 | Bailey   | Noticed a gargoyle
  5837 | Bailey   | Killed a gargoyle
  6043 | Lair:1   | Entered Level 1 of the Lair of Beasts
  6043 | Lair:1   | Found a frozen archway.
  6068 | IceCv    | Entered an ice cave
  6083 | IceCv    | Slain by a death yak simulacrum

Illustrated notes

Levels and vault maps discovered:
D:1:      dpeg_arrival_tiny_g, layout_rooms,
          shapermc_ecumenical_altar_mp_urbaneastern, st_stairs_9
D:2:      layout_loops_ring
D:3:      minmay_bubble_buster, layout_loops_ring,
          chequers_serial_rivers_micro_b, nicolae_nh_oracle_at_delphi
D:4:      layout_rooms
D:5:      layout_basic
D:6:      layout_rooms
D:7:      layout_rooms, minmay_temple_entry_proselytizer, hex_medium,
          minmay_shop_enchanted_jewellery, uniq_crazy_yiuf_cottage
D:8:      layout_rooms, zin_scriptorium, grunt_ashenzari_visionary
          [grunt_ashenzari_visionary_swamp, grunt_ashenzari_visionary_snake]
D:9:      layout_basic, nicolae_sif_muna_little_library,
          due_lair_maze_entry_diamond, david_orc_3, enter_bailey_2
Temple:   compressed_dpeg_triangle_lava_temple
Lair:1:   layout_chaotic_city, portal_ice_cave_entry_imps,
          grunt_forest_large_clearings
IceCv:    ice_cave_statue_garden_transporter

Skill      XL: |  1  2  3  4  5  6  7  8  9 10 |
---------------+-------------------------------+-----
Invocations    | 1 2 3 4 5 6 |  6.1
Short Blades   | 1 2 3 4 5 |  5.5
Long Blades    | 1 2 3 4 5 |  5.5
Axes           | 1 2 3 4 5 |  5.5
Maces & Flails | 1 2 3 4 5 |  5.5
Polearms       | 1 2 3 4 5 |  5.5
Staves         | 1 2 3 4 5 |  5.5
Ranged Weapons | 1 2 3 4 5 |  5.5
Throwing       | 1 2 3 4 5 |  5.5
Armour         | 1 2 3 4 5 |  5.5
Stealth        | 1 2 3 4 5 |  5.5
Shields        | 1 2 3 4 5 |  5.5
Spellcasting   | 1 2 3 4 5 |  5.5
Evocations     | 1 2 3 4 5 |  5.5
Conjurations   | 1 2 3 4 |  4.5
Hexes          | 1 2 3 4 |  4.5
Summonings     | 1 2 3 4 |  4.5
Necromancy     | 1 2 3 4 |  4.5
Translocations | 1 2 3 4 |  4.5
Transmutations | 1 2 3 4 |  4.5
Fire Magic     | 1 2 3 4 |  4.5
Ice Magic      | 1 2 3 4 |  4.5
Air Magic      | 1 2 3 4 |  4.5
Earth Magic    | 1 2 3 4 |  4.5
Poison Magic   | 1 2 3 4 |  4.5
Fighting       | 3 4 5 6 |  6.2
Dodging        | 5 6 7 |  7.3
Unarmed Combat | 7 8 |  8.7
Shapeshifting  | 7 8 |  8.1

Action                     |  1- 3 |  4- 6 |  7- 9 | 10-12 || total
---------------------------+-------+-------+-------+-------++-------
  Melee: Unarmed           |    17 |       |       |       ||    17
         Punch             |     2 |     6 |       |       ||     8
         War axe           |    36 |    66 |       |       ||   102
         Bite              |       |    14 |    11 |    22 ||    47
         Hand axe          |       |    44 |   157 |   120 ||   321
 Invoke: Curse Item        |       |       |       |     1 ||     1
  Evoke: Wand              |       |       |       |     5 ||     5
         Phantom mirror    |       |       |       |     1 ||     1
    Use: Scroll            |     6 |     1 |     2 |     1 ||    10
         Potion            |       |       |       |     4 ||     4
   Stab: Sleeping          |       |     5 |     7 |     2 ||    14
         Invisible         |       |       |       |     1 ||     1
 Armour: Animal skin       |     8 |    20 |       |       ||    28
         Ring mail         |       |     8 |    47 |    95 ||   150
         Leather armour    |       |    14 |    27 |       ||    41
  Dodge: Dodged            |    34 |    74 |   138 |   165 ||   411

Table legend: (Time is in decaauts)
 A = Elapsed time spent in this place.
 B = Non-inter-level travel time spent in this place.
 C = Inter-level travel time spent in this place.
 D = Time resting spent in this place.
 E = Time spent auto-exploring this place.
 F = Levels seen in this place.
 G = Mean time per level.
                   A        B        C        D        E       F      G
               +--------+--------+--------+--------+--------+-----+--------+
         Total |   6371 |   5928 |    443 |    246 |   3727 |  13 |  490.1 |
       Dungeon |   5730 |   5287 |    443 |     86 |   3653 |   9 |  636.7 |
        Temple |     64 |     64 |      0 |      0 |      0 |   1 |   64.0 |
          Lair |     30 |     30 |      0 |      0 |      0 |   1 |   30.0 |
        Bailey |    528 |    528 |      0 |    159 |     74 |   1 |  528.0 |
      Ice Cave |     16 |     16 |      0 |      0 |      0 |   1 |   16.0 |
               +--------+--------+--------+--------+--------+-----+--------+

Top non-repeatable levels by time:
     D:3: 1185 daAuts
     D:5: 773 daAuts
     D:8: 720 daAuts
     D:1: 610 daAuts
     D:2: 607 daAuts
  Bailey: 528 daAuts
     D:6: 524 daAuts
     D:7: 461 daAuts
     D:4: 438 daAuts
     D:9: 409 daAuts
  Temple: 64 daAuts
  Lair:1: 30 daAuts
   IceCv: 16 daAuts
